AoeStats
← Steffels

Arena

510287766Analyzed
1v1 RM · 9h ago on Sep 30, 2026· 40m 20s· 2 players
Game mode
Random Map
Map size
Tiny (2 player)
Population
200
Speed
Normal
Resources
Standard
Victory
Conquest
Starting age
Dark Age
Ending age
Imperial Age
RankedLock teamsTeams togetherTeam positionsShared explorationLock speedFull tech treeHidden civsTurbo modeCheats
Victory
Defeat
🇯🇵 Bohemians · Japan
1037
+17
🇧🇪 Varangians · Belgium
1062
-17
gacktgachapin
10:59 Feudal Age
15:26 Castle Age
13:25 Double-Bit Axe
13:21 Horse Collar
18:04 Bow Saw
20:52 Loom
25:47 Wheelbarrow
26:45 Heavy Plow
27:47 Hand Cart
27:47 Town Watch
31:33 Imperial Age
29:46 Forging
29:36 Scale Mail Armor
29:27 Fletching
30:08 Wagenburg Tactics
31:06 Chemistry
30:27 Ballistics
29:50 Pikeman
30:30 Squires
30:54 Town Patrol
31:32 Iron Casting
31:40 Chain Mail Armor
33:29 Blast Furnace
32:37 Siege Engineers
32:29 Bodkin Arrow
31:56 Halberdier
33:34 Plate Mail Armor
33:44 Bracer
35:00 Conscription
34:45 Padded Archer Armor
35:03 Houfnice
37:04 Elite Skirmisher
38:20 Bombard Tower
38:11 Masonry
37:57 Murder Holes
Steffels
10:10 Feudal Age
11:47 Double-Bit Axe
12:02 Horse Collar
14:36 Castle Age
15:48 Wheelbarrow
18:37 Gold Mining
24:39 Bow Saw
24:33 Heavy Plow
24:56 Hand Cart
25:40 Stone Mining
31:37 Imperial Age
28:59 Town Watch
30:38 Scale Barding Armor
30:43 Forging
31:58 Fletching
32:30 Chain Barding Armor
32:46 Iron Casting
32:33 Town Patrol
32:19 Loom
32:26 Elite Jarl
33:29 Conscription
34:30 Plate Barding Armor
36:15 Blast Furnace
35:11 Bodkin Arrow
Connection lost

Rejoining the realm…

Still unreachable

The connection could not be restored.

Session expired

The server has moved on; the page needs a fresh start.